 Dungeon Crawl Stone Soup version 0.27-a0-1374-gc14e5d3922 (webtiles) character file.

Game seed: 16590785219067857757

5742 Froggeryz the Covert (level 10, -2/99 HPs)
             Began as an Octopode Berserker on June 29, 2021.
             Was a High Priest of Trog.
             Killed from afar by a white imp (10 damage)
             ... with a puff of frost
             ... on level 1 of the Lair of Beasts.
             The game lasted 00:10:36 (11410 turns).

Froggeryz the Covert (Octopode Berserker)          Turns: 11410, Time: 00:10:36

Health: -2/99      AC:  3    Str: 16    XL:     10   Next: 77%
Magic:  10/10      EV: 14    Int:  9    God:    Trog [*****.]
Gold:   576        SH:  5    Dex: 16    Spells: 9/9 levels left

rFire    . . .     SeeInvis .   q - +3 rapier (venom)
rCold    . . .     Faith    .   h - +0 buckler
rNeg     . . .     Spirit   .   v - +2 hat
rPois    .         Reflect  .   (no amulet)
rElec    .         Harm     .   k - ring of flight
rCorr    .         Rampage  .   (no ring)
Will     ++...                  (no ring)
Stlth    ..........             (no ring)
HPRegen  1.26/turn              (no ring)
MPRegen  0.12/turn              (no ring)
                                (no ring)
                                (no ring)

@: berserking, strong-willed, flying, regenerating, very quick
A: almost no armour, amphibious, 8 rings, camouflage 1, gelatinous body 1,
(nimble swimmer 1), tentacles
a: Renounce Religion, Berserk, Trog's Hand, Brothers in Arms


You were on level 1 of the Lair of Beasts.
You worshipped Trog.
Trog was extremely pleased with you.
You visited 2 branches of the dungeon, and saw 9 of its levels.
You also visited: Ossuary.

You collected 576 gold pieces.

Inventory:

Hand Weapons
 q - a +3 rapier of venom (weapon)
 y - a +1 rapier of draining
Missiles
 e - 8 boomerangs
 g - 23 poisoned darts (quivered)
 C - 3 throwing nets
Armour
 h - a +0 buckler (worn)
 v - a +2 hat (worn)
Jewellery
 k - a ring of flight (left tentacle)
Wands
 w - a wand of digging (6)
 B - a wand of polymorph (12)
 D - a wand of flame (15)
Scrolls
 b - a scroll of magic mapping {unknown}
 f - 8 scrolls of teleportation
 i - 2 scrolls of enchant weapon
 m - 2 scrolls of immolation
 n - 2 scrolls of fear
 u - 4 scrolls of identify
 x - 2 scrolls of silence {unknown}
 A - a scroll of fog {unknown}
Potions
 a - a potion of degeneration {unknown}
 c - 6 potions of mutation {unknown}
 d - 3 potions of curing
 j - 4 potions of lignification {unknown}
 l - 2 potions of cancellation {unknown}
 o - a potion of resistance {unknown}
 p - 5 potions of heal wounds {unknown}
 r - 2 potions of flight {unknown}
 s - 3 potions of invisibility {unknown}
 t - 2 potions of brilliance {unknown}
 z - a potion of ambrosia {unknown}


   Skills:
 - Level 5.0 Fighting
 + Level 10.5 Short Blades
 * Level 3.4 Dodging
 - Level 14.0 Stealth
 - Level 4.1 Shields


You had 9 spell levels left.
You didn't know any spells.
Your spell library was empty.

Dungeon Overview and Level Annotations

Branches:
Dungeon (8/15)             Temple (0/1) D:6            Lair (1/6) D:8
Ossuary (visited)

Altars:
Ashenzari
Uskayaw
Yredelemnul

Shops:
D:6 [

Portals:
Ice
Cave: Lair:1


Innate Abilities, Weirdness & Mutations

You cannot wear most types of armour.
You are amphibious.
You can wear up to eight rings at the same time.
Your skin changes colour to match your surroundings (Stealth+).
Your rubbery body absorbs attacks. (AC +1, EV +1)
((You are camouflaged near water. (Stealth+)))
You have tentacles for arms and can constrict up to eight enemies at once.


Message History

You puncture the white imp!
You kill the white imp!
Trog accepts your kill.
You constrict the white imp. x2
You hit the white imp. Your grab misses the white imp.
The white imp is moderately wounded.
You constrict the white imp. x2
The white imp gestures at you. The puff of frost hits you.
* * * LOW HITPOINT WARNING * * *
The white imp misses you.
The white imp hits you but does no damage.
You barely miss the white imp. Your grab misses the white imp.
The white imp is moderately wounded.
You constrict the white imp. x2
You closely miss the white imp. Your grab misses the white imp.
The white imp is moderately wounded.
You constrict the white imp, but do no damage. x2
The white imp hits you but does no damage.
The white imp gestures at you. You block the puff of frost.
You hit the white imp.
The white imp is poisoned.
Your grab misses the white imp. Your squeeze misses the white imp.
The white imp is heavily wounded.
You constrict the white imp. x2
You kill the white imp!
Trog accepts your kill. The white imp closely misses you.
You completely miss the white imp. Your grab misses the white imp.
Your squeeze misses the white imp.
The white imp is heavily wounded.
You constrict the white imp.
You feel the power of Trog in you as your rage grows.
You kill the white imp!
Trog accepts your kill. The white imp gestures at you.
The puff of frost misses you. The white imp gestures at you.
The puff of frost hits you!
You die...

#P.######..†..######
##.....##......#...#
##.....##......#...#
#......#P..........#
##.....##..........#
#............##...+
#####.##......#####
####.....#5##.##..
.......[.@5......
........55.......
...^.....5.5.....
..................
.........#.....#...
..........#.....#...
.....#..∩... .. ..[.
#.).....


You could see 6 white imps.

Vanquished Creatures
  Pikel (D:6)
  A komodo dragon (D:8)
  5 blink frogs (Lair:1)
  Sigmund (D:5)
  A wyvern (D:8)
  Eustachio (D:5)
  Duvessa (D:6)
  A water moccasin (D:7)
  2 ice beasts
  A hornet zombie (D:8)
  A necrophage (D:7)
  A black bear (D:4)
  An ogre (D:5)
  A phantom (D:5)
  A lemure (D:6)
  Blork the orc (D:6)
  4 bullfrogs
  2 kobold brigands
  A gnoll sergeant (D:6)
  4 scorpions
  2 water moccasin skeletons
  Dowan (D:6)
  7 wights
  2 bullfrog zombies (D:7)
  2 centaur zombies (D:7)
  A bullfrog skeleton (D:7)
  A centaur skeleton (D:4)
  A gnoll shaman (D:7)
  6 hounds
  A jelly (D:5)
  6 orc priests
  Crazy Yiuf (D:7)
  3 iguanas
  Natasha (thrice) (D:3)
  9 orc wizards
  2 killer bee zombies (D:7)
  A hound zombie (D:5)
  3 howler monkey zombies (D:7)
  13 mummies (Ossuary)
  9 gnolls
  15 adders
  A shadow imp (D:7)
  7 white imps
  An ufetubus (D:7)
  5 dart slugs
  33 orcs
  8 ball pythons
  7 endoplasms
  3 giant cockroaches
  9 goblins
  10 hobgoblins
  3 jackals (D:1)
  6 quokkas
  5 bats
  3 frilled lizards
  2 gnoll skeletons (Ossuary)
  3 goblin skeletons (Ossuary)
  8 kobolds
  3 orc skeletons (Ossuary)
  5 rats
  11 rat skeletons (Ossuary)
254 creatures vanquished.

Vanquished Creatures (others)
  21 plants
21 creatures vanquished.

Grand Total: 275 creatures vanquished

Notes
Turn   | Place    | Note
-------+----------+-------------------------------------------
     0 | D:1      | Froggeryz the Octopode Berserker began the quest for the
                  | Orb.
     0 | D:1      | Reached XP level 1. HP: 16/16 MP: 1/1
   207 | D:1      | Reached skill level 1 in Stealth
   209 | D:1      | Reached XP level 2. HP: 21/21 MP: 2/2
   756 | D:1      | Reached XP level 3. HP: 19/26 MP: 3/3
   758 | D:1      | Reached ** piety under Trog
   759 | D:1      | Reached skill level 2 in Stealth
  1583 | D:2      | Noticed a scorpion
  1628 | D:2      | Killed a scorpion
  1629 | D:2      | Reached skill level 3 in Stealth
  1629 | D:2      | Reached XP level 4. HP: 31/31 MP: 4/4
  1687 | D:2      | Found a faded altar of an unknown god.
  2289 | D:3      | Reached XP level 5. HP: 29/36 MP: 5/5
  2481 | D:3      | Found a broken altar of Ashenzari.
  2510 | D:3      | Reached skill level 5 in Short Blades
  2940 | D:3      | Noticed Natasha
  2945 | D:3      | Killed Natasha
  2946 | D:3      | Reached skill level 4 in Stealth
  3336 | D:3      | Reached XP level 6. HP: 40/42 MP: 6/6
  3703 | D:3      | Noticed Natasha
  3716 | D:3      | Killed Natasha
  3844 | D:3      | Noticed Natasha
  3853 | D:3      | Killed Natasha
  3916 | D:3      | Reached skill level 5 in Stealth
  3933 | D:3      | Reached *** piety under Trog
  4427 | D:4      | Reached XP level 7. HP: 22/46 MP: 7/7
  4840 | D:3      | Reached skill level 6 in Stealth
  5776 | D:4      | Reached XP level 8. HP: 52/52 MP: 8/8
  5829 | D:4      | Reached skill level 7 in Stealth
  5889 | D:4      | Reached **** piety under Trog
  5958 | D:4      | Found a hide-covered altar of Uskayaw.
  6050 | D:5      | Entered Level 5 of the Dungeon
  6090 | D:5      | Reached skill level 1 in Shields
  6328 | D:5      | Found a sand-covered staircase.
  6333 | Ossuary  | Entered an ossuary
  7106 | D:5      | Noticed Sigmund
  7113 | D:5      | Killed Sigmund
  7122 | D:5      | Noticed Eustachio
  7126 | D:5      | Killed Eustachio
  7127 | D:5      | Reached skill level 8 in Stealth
  7164 | D:5      | Reached XP level 9. HP: 58/58 MP: 9/9
  7388 | D:5      | Reached skill level 9 in Stealth
  7845 | D:6      | Noticed Blork the orc
  7854 | D:6      | Killed Blork the orc
  7940 | D:6      | Noticed Pikel
  7951 | D:6      | Killed Pikel
  7952 | D:6      | Reached skill level 10 in Stealth
  8318 | D:6      | Found a staircase to the Ecumenical Temple.
  8332 | D:6      | Noticed Dowan
  8336 | D:6      | Noticed Duvessa
  8337 | D:6      | Killed Dowan
  8345 | D:6      | Killed Duvessa
  8346 | D:6      | Reached skill level 5 in Fighting
  8528 | D:6      | Reached ***** piety under Trog
  8599 | D:6      | Found Tevuizxi's Armour Emporium.
  8939 | D:7      | Reached skill level 11 in Stealth
  9366 | D:7      | Reached XP level 10. HP: 66/66 MP: 10/10
  9463 | D:7      | Received a gift from Trog
  9464 | D:7      | Reached skill level 12 in Stealth
  9975 | D:7      | Found a basalt altar of Yredelemnul.
 10030 | D:7      | Found a runed translucent door.
 10031 | D:7      | Noticed Crazy Yiuf
 10038 | D:7      | Killed Crazy Yiuf
 10101 | D:8      | Reached skill level 10 in Short Blades
 10340 | D:8      | Reached skill level 13 in Stealth
 10449 | D:8      | Found a staircase to the Lair.
 10846 | Lair:1   | Entered Level 1 of the Lair of Beasts
 11301 | Lair:1   | Reached skill level 14 in Stealth
 11397 | Lair:1   | Found a frozen archway.
 11410 | Lair:1   | Killed from afar by a white imp

Illustrated notes

Levels and vault maps discovered:
D:1:      dpeg_arrival_more_subterranean_lakeside_camping, layout_basic,
          lemuel_old_faithful
D:2:      layout_basic, shapermc_ecumenical_altar_mp_highgroup, st_stairs_4
D:3:      layout_basic, amcnicky_altar_gilded, kennysheep_big_empty_room,
          solitary_fountain, grunt_ministairs_15,
          amcnicky_mini_corridor_feature, chequers_serial_rivers_marsh,
          grunt_decor_cap, serial_bayou_ford_a, minmay_snake_closets,
          uniq_natasha
D:4:      layout_loops_cross, nicolae_uskayaw_dance_hall
D:5:      layout_cave_pools, enter_ossuary_2, corexii_checkpoint_a,
          kennysheep_generic_room_11, uniq_eustachio, uniq_sigmund
D:6:      layout_gridville, minmay_temple_entry_mist, nicolae_take_the_stairs,
          corexii_corridor_pit, uniq_blork_the_orc, uniq_pikel, uniq_duvessa
D:7:      layout_basic, nicolae_yredelemnul_corpse_copse,
          chequers_hall_statues_y, skrybe_limestone_x, minmay_bent,
          uniq_crazy_yiuf_cottage
D:8:      layout_basic, david_lair_shrubbed
Lair:1:   layout_regular_city, portal_ice_cave_entry_imps, uniq_harold

Skill      XL: |  1  2  3  4  5  6  7  8  9 10 |
---------------+-------------------------------+-----
Stealth        | 1 3 4 5 6 8 11 14 | 14.0
Short Blades   | 4 5 6 7 8 9 10 | 10.5
Shields        | 4 |  4.1
Fighting       | 5 |  5.0
Dodging        | |  3.4

Action                   |  1- 3 |  4- 6 |  7- 9 | 10-12 || total
-------------------------+-------+-------+-------+-------++-------
Melee: Short sword       |    65 |   138 |   161 |       ||   364
       Tentacles         |    12 |    23 |    48 |    23 ||   106
       Constrict         |    13 |    25 |    69 |    22 ||   129
       Rapier            |       |       |   119 |   120 ||   239
Invok: Berserk           |     1 |     1 |     9 |     2 ||    13
       Trog's Hand       |       |       |       |     1 ||     1
  Use: Scroll            |       |     4 |     3 |       ||     7
       Potion            |       |       |     1 |       ||     1
 Stab: Sleeping          |     6 |    13 |    35 |    13 ||    67
       Distracted        |     1 |       |     4 |     2 ||     7
Armor: Skin              |     1 |     4 |    18 |    11 ||    34
Dodge: Dodged            |    27 |    69 |   121 |    43 ||   260
Block: Buckler           |       |       |    21 |    17 ||    38

Table legend: (Time is in decaauts)
 A = Elapsed time spent in this place.
 B = Non-inter-level travel time spent in this place.
 C = Inter-level travel time spent in this place.
 D = Time resting spent in this place.
 E = Time spent auto-exploring this place.
 F = Levels seen in this place.
 G = Mean time per level.
                   A        B        C        D        E       F      G
               +--------+--------+--------+--------+--------+-----+--------+
         Total |  11388 |  11151 |    237 |   2423 |   7179 |  10 | 1138.8 |
       Dungeon |  10634 |  10397 |    237 |   2368 |   6707 |   8 | 1329.2 |
          Lair |    136 |    136 |      0 |     55 |      0 |   1 |  136.0 |
       Ossuary |    617 |    617 |      0 |      0 |    472 |   1 |  617.0 |
               +--------+--------+--------+--------+--------+-----+--------+

Top non-repeatable levels by time:
     D:3: 2875 daAuts
     D:6: 1332 daAuts
     D:1: 1283 daAuts
     D:8: 1179 daAuts
     D:5: 1080 daAuts
     D:2: 963 daAuts
     D:7: 962 daAuts
     D:4: 958 daAuts
 Ossuary: 617 daAuts
  Lair:1: 136 daAuts
